 Dungeon Crawl Stone Soup version 0.28-a0-828-g0121872642 (webtiles) character file.

Game seed: 14340748450407917360

166 mcbry74 the Chopper (level 5, -10/45 HPs)
             Began as a Hill Orc Fighter on Nov 10, 2021.
             Mangled by an orc wizard (20 damage)
             ... on level 4 of the Dungeon.
             The game lasted 00:08:36 (809 turns).

mcbry74 the Chopper (Hill Orc Fighter)               Turns: 809, Time: 00:08:36

Health: -10/45     AC:  6    Str: 20    XL:     5   Next: 47%
Magic:  5/5        EV:  9    Int:  8    God:
Gold:   53         SH:  4    Dex: 10    Spells: 4/4 levels left

rFire   . . .      SeeInvis .   a - +0 war axe
rCold   . . .      Faith    .   c - +0 buckler
rNeg    . . .      Spirit   .   b - +0 scale mail
rPois   .          Reflect  .   (no helmet)
rElec   .          Harm     .   (no cloak)
rCorr   .          Rampage  .   (no gloves)
Will    .....                   (no boots)
Stlth   ..........              (no amulet)
HPRegen 0.15/turn               (no ring)
MPRegen 0.09/turn               (no ring)

@: no status effects
A: no striking features
a: no special abilities


You were on level 4 of the Dungeon.
You visited 1 branch of the dungeon, and saw 5 of its levels.

You collected 53 gold pieces.

Inventory:

Hand Weapons
 a - a +0 war axe (weapon)
Armour
 b - a +0 scale mail (worn)
 c - a +0 buckler (worn)
Potions
 d - a potion of haste
 g - a potion of curing {unknown}


   Skills:
 - Level 3.6 Fighting
 + Level 7.3 Axes
 - Level 3.2 Armour
 - Level 3.2 Shields


You had 4 spell levels left.
You didn't know any spells.
Your spell library was empty.

Dungeon Overview and Level Annotations

Branches:
Dungeon (5/15)
 Temple: D:4-7

Altars:

Annotations:
D:3 Terence


Message History

You closely miss the hound. The hound closely misses you.
The hound bites you but does no damage.
You hit the hound.
The hound is moderately wounded.
The hound bites you. The hound barely misses you.
You closely miss the hound.
The hound is moderately wounded.
You block the hound's attack. The hound bites you.
You closely miss the hound.
The hound is moderately wounded.
The hound closely misses you.
You completely miss the hound.
The hound is moderately wounded.
The hound closely misses you. The hound bites you but does no damage.
You barely miss the hound.
The hound is moderately wounded.
The hound bites you. The hound barely misses you.
You miss the hound.
The hound is moderately wounded.
You block the hound's attack. The hound bites you but does no damage.
You barely miss the hound.
The hound is moderately wounded.
The hound bites you.
You closely miss the hound.
The hound is moderately wounded.
The hound bites you but does no damage. The hound bites you.
* * * LOW HITPOINT WARNING * * *
You hit the hound but do no damage.
The hound is moderately wounded.
You block the hound's attack. The hound bites you.
* * * LOW HITPOINT WARNING * * *
You slash the hound!
The hound is severely wounded.
The hound closely misses you.
You slash the hound!
You kill the hound!
Your Axes skill increases to level 7!
You hit something but do no damage. Something hits you but does no damage.
You are electrocuted!!
You die...

## # #. .# # #. #.# ##
###.####### #.# # .## #.........#
#.##### ##. ..###.#.#.....#
#.....######.. †..##.#.....(.#
###.......##...
<...#.##......#####......##.#....
....'...........@...........'....
....####....#######...>..##.#....
...## ##...# ##..#.###.##... ..##
#...# #........###.. .## ##.##
#.###.......<. ## #.# #.#
#.#######. # #.# #.###.##### #. #
#.# #.........###. ###### #.#
#####.........


There were no monsters in sight!

Vanquished Creatures
  A howler monkey (D:4)
  2 hounds (D:4)
  3 adders (D:2)
  An ufetubus (D:5)
  A worm (D:2)
  2 dart slugs
  2 orcs
  2 bats
  2 endoplasms
  A giant cockroach (D:2)
  4 goblins
  2 hobgoblins
  A jackal (D:2)
  A ball python (D:3)
  2 kobolds (D:1)
  A rat (D:3)
28 creatures vanquished.

Notes
Turn   | Place    | Note
-------+----------+-------------------------------------------
     0 | D:1      | mcbry74 the Hill Orc Fighter began the quest for the Orb.
     0 | D:1      | Reached XP level 1. HP: 19/19 MP: 1/1
    30 | D:1      | Reached skill level 3 in Axes
    47 | D:2      | Reached XP level 2. HP: 9/26 MP: 2/2
    48 | D:2      | Reached skill level 4 in Axes
    99 | D:2      | Reached XP level 3. HP: 3/31 MP: 3/3
   112 | D:2      | Reached skill level 5 in Axes
   456 | D:3      | Noticed Terence
   569 | D:3      | Reached XP level 4. HP: 39/39 MP: 4/4
   658 | D:4      | Reached skill level 6 in Axes
   677 | D:4      | Reached XP level 5. HP: 32/45 MP: 5/5
   761 | D:5      | Entered Level 5 of the Dungeon
   808 | D:4      | Reached skill level 7 in Axes
   809 | D:4      | Mangled by an orc wizard

Illustrated notes

Levels and vault maps discovered:
D:1:      minmay_arrival_four_loops, layout_basic,
          shapermc_ecumenical_altar_starsandcircs
D:2:      minmay_razor_zed, layout_basic, amcnicky_mini_rare_corridor_liquid,
          minmay_circle_x
D:3:      layout_basic, uniq_terence
D:4:      layout_loops_corners
D:5:      kennysheep_kobold_camp, layout_cave_pools,
          minmay_temple_entry_enclosed_plants, nicolae_shop_self_help

Skill      XL: |  1  2  3  4  5 |
---------------+----------------+-----
Axes           | 3 4 5 6 7 |  7.3
Fighting       | |  3.6
Armour         | |  3.2
Shields        | |  3.2

Action                   |  1- 3 |  4- 6 || total
-------------------------+-------+-------++-------
Melee: War axe           |    57 |    43 ||   100
  Use: Potion            |     1 |       ||     1
       Scroll            |       |     3 ||     3
Armor: Scale mail        |    32 |    19 ||    51
Dodge: Dodged            |    24 |    22 ||    46
Block: Buckler           |    12 |    16 ||    28

Table legend: (Time is in decaauts)
 A = Elapsed time spent in this place.
 B = Non-inter-level travel time spent in this place.
 C = Inter-level travel time spent in this place.
 D = Time resting spent in this place.
 E = Time spent auto-exploring this place.
 F = Levels seen in this place.
 G = Mean time per level.
                   A        B        C        D        E       F      G
               +--------+--------+--------+--------+--------+-----+--------+
         Total |    835 |    800 |     35 |    265 |     14 |   5 |  167.0 |
       Dungeon |    835 |    800 |     35 |    265 |     14 |   5 |  167.0 |
               +--------+--------+--------+--------+--------+-----+--------+

Top non-repeatable levels by time:
     D:2: 430 daAuts
     D:4: 210 daAuts
     D:3: 137 daAuts
     D:1: 37 daAuts
     D:5: 19 daAuts
